 Dungeon Crawl Stone Soup version 0.21.1-1-g345015f (webtiles) character file.

7504 sankara the Severer (level 11, -4/92 HPs)
             Began as a Hill Orc Fighter on Apr 16, 2018.
             Was a Priest of Makhleb.
             Killed from afar by Josephine (20 damage)
             ... with a ghostly fireball
             ... on level 10 of the Dungeon.
             The game lasted 00:33:18 (10573 turns).

sankara the Severer (Hill Orc Fighter)             Turns: 10573, Time: 00:33:18

Health: -4/92      AC: 16    Str: 23    XL:     11   Next: 16%
Magic:  12/12      EV:  5    Int:  8    God:    Makhleb [***...]
Gold:   170        SH: 11    Dex: 10    Spells: 10/10 levels left

rFire    . . .     SeeInvis .   H - -1 war axe (curse)
rCold    . . .     Gourm    .   c - +1 shield
rNeg     . . .     Faith    +   k - +0 plate armour
rPois    +         Spirit   .   F - +2 helmet
rElec    .         Reflect  .   l - +0 cloak
rCorr    .         Harm     .   (no gloves)
MR       .....                  (no boots)
Stlth    ..........             w - amulet of faith {Faith, !P}
HPRegen  0.25/turn              K - ring of loudness (curse) {Stlth-}
MPRegen  0.13/turn              M - ring of poison resistance {rPois, !d}

@: heavily drained
A: no striking features
a: Minor Destruction, Lesser Servant of Makhleb, Renounce Religion


You were on level 10 of the Dungeon.
You worshipped Makhleb.
Makhleb was most pleased with you.
You were hungry.

You visited 2 branches of the dungeon, and saw 11 of its levels.
You also visited: Bailey.

You collected 521 gold pieces.
You spent 351 gold pieces at shops.

Inventory:

Hand Weapons
 a - a +1 war axe
 D - a cursed -2 whip
   (You found it on level 9 of the Dungeon)
 H - a cursed -1 war axe (weapon)
   (You took it off an orc warrior on level 8 of the Dungeon)
 I - a +0 hand axe of flaming
   (You took it off an orc on level 8 of the Dungeon)
Missiles
 v - 2 curare-tipped needles
 L - 55 tomahawks of returning (quivered)
 N - 5 javelins
Armour
 c - a +1 shield (worn)
 k - a +0 plate armour (worn)
   (You took it off an orc warrior on level 7 of the Dungeon)
 l - a +0 cloak (worn)
   (You found it on level 5 of the Dungeon)
 F - a +2 helmet (worn)
   (You found it on level 8 of the Dungeon)
Jewellery
 j - a +3 ring of intelligence
   (You found it on level 5 of the Dungeon)
 q - an uncursed ring of protection from fire {rF+, !d}
   (You found it on level 2 of the Dungeon)
 t - an uncursed amulet of rage {+Rage, !d}
   (You found it on level 2 of the Dungeon)
 w - an amulet of faith (around neck) {Faith, !P}
   (You found it on level 4 of the Dungeon)
 K - a cursed ring of loudness (left hand) {Stlth-}
   (You found it in a bailey)
 M - a ring of poison resistance (right hand) {rPois, !d}
   (You found it in a bailey)
Wands
 i - a wand of random effects (76)
   (You found it on level 5 of the Dungeon)
 y - a wand of clouds (14)
   (You found it on level 9 of the Dungeon)
 G - a wand of flame (27)
   (You found it on level 8 of the Dungeon)
 O - a wand of digging (12)
   (You found it on level 10 of the Dungeon)
 R - a wand of polymorph (2)
   (You took it off a centaur on level 10 of the Dungeon)
Scrolls
 b - 2 scrolls of magic mapping {!r}
 g - 3 scrolls of acquirement {unknown}
 o - 3 scrolls of teleportation
 r - a scroll of enchant weapon
 z - 3 scrolls of blinking {!r}
 C - 4 scrolls of identify
 P - a scroll of fear {unknown}
Potions
 d - 4 potions of ambrosia
 e - 4 potions of heal wounds
 h - 4 potions of lignification {!q}
 m - 8 potions of haste
 n - 3 potions of mutation {!q}
 p - 9 potions of curing
 s - a potion of flight
 u - 2 potions of magic
 A - a potion of cancellation
 B - a potion of agility
Books
 x - the Almanac of Transformation
   (You found it on level 8 of the Dungeon)

   Spells                             Type                      Level
   a - Passwall                       Transmutation/Earth          2
   b - Spider Form                    Transmutation/Poison         3
   c - Irradiate                      Conjuration/Transmutation    5
   d - Yara's Violent Unravelling     Hexes/Transmutation          5
   e - Alistair's Intoxication        Transmutation/Poison         5
 E - a book of Geomancy
   (You found it on level 8 of the Dungeon)
 J - a book of Conjurations
   (You found it on level 9 of the Dungeon)
Comestibles
 f - 10 rations


   Skills:
 + Level 7.2(5.5) Fighting
 - Level 16.0(13.8) Axes
 + Level 6.5(4.8) Armour
 + Level 4.1(2.5) Dodging
 + Level 6.5(4.8) Shields
 + Level 2.0(0.5) Invocations
 - Level 2.1(0.5) Evocations


You had 10 spell levels left.
You didn't know any spells.

Dungeon Overview and Level Annotations

Branches:
Dungeon (10/15)            Temple (1/1) D:7             Orc (0/2) D:10
   Lair: D:8-11

Altars:
Ashenzari
Cheibriados
Dithmenos
Elyvilon
Fedhas
Gozag
Hepliaklqana
Kikubaaqudgha
Makhleb
Nemelex Xobeh
Okawaru
Qazlal
Ru
Sif Muna
Trog
Uskayaw
Vehumet
Wu Jian
Xom
Yredelemnul
Zin
The Shining One

Shops:
D:4 (   D:5 =   D:7 }   D:8 !

Annotations:
D:10 Josephine


Message History

Items here: )) [[ † a dagger; a leather armour; a glaive; a plate armour; an orc corpse
R - a wand of polymorph (2)
Items here: ( )) † an uncursed club; an uncursed shortbow; 12 arrows; an orc corpse You butcher the orc corpse.
Q - 7 chunks of flesh {@w0} (gained 1)
Items here: ( )) ÷ an uncursed club; an uncursed shortbow; 12 arrows; an orc skeleton
Things that are here:
a glaive; a chain mail There isn't anything to butcher here.
Items here: ( )) ÷ an uncursed club; an uncursed shortbow; 12 arrows; an orc skeleton
Items here: )) [[ † a dagger; a leather armour; a glaive; a plate armour; an orc corpse You butcher the orc corpse.
Q - 9 chunks of flesh {@w0} (gained 2)
Items here: )) [[ ÷ a dagger; a leather armour; a glaive; a plate armour; an orc skeleton
Items here: )) [[ ÷ a hand axe; a leather armour; an enchanted hand axe; a chain mail an orc skeleton You see here 2 arrows.
You see here 2 arrows.
You see here 2 arrows.
You now have 170 gold pieces (gained 12).
Key pressed, stopping explore.
Found an escape hatch in the floor.
You start resting.
All of the chunks of flesh in your inventory have rotted away.
You are feeling hungry.
Marking area around Josephine as unsafe for travelling.
Josephine the Decaying Necromancer comes into view.
She is wielding a dagger.
Josephine shouts!
You hear a shout! 2 wraiths come into view.
Josephine points at you and mumbles some strange words.
The ghostly flame explodes!
The ghostly fireball engulfs you!
You feel drained.
A demon appears!
Josephine points at you and mumbles some strange words.
The ghostly flame explodes!
The ghostly fireball engulfs you!
You feel drained.
The ghostly fireball engulfs your hellwing.
Your hellwing completely resists.
A demon appears!
It doesn't seem very happy.
Your hellwing swoops through the air toward Josephine!
Your hellwing closely misses Josephine.
Your hellwing barely misses Josephine.
A demon appears!
The hellwing hits you but does no damage.
The hellwing barely misses you.
An orc warrior and an orc wizard come into view.
You closely miss the hellwing.
Your ynoxinul hits the hellwing but does no damage.
The wraith hits your ynoxinul!
The wraith drains your ynoxinul's vigour!
Your ynoxinul seems to slow down.
You hit the hellwing but do no damage.
The wraith closely misses your ynoxinul.
The hellwing hits you.
* * * LOW HITPOINT WARNING * * *
The hellwing hits you.
* * * LOW HITPOINT WARNING * * *
Your ynoxinul hits the wraith but does no damage.
The wraith hits your ynoxinul!
Your shield and plate armour prevent you from hitting the hellwing.
The wraith hits your ynoxinul!
The wraith drains your ynoxinul's vigour!
Your ynoxinul seems to slow down.
Your hellwing hits Josephine! Your hellwing misses Josephine.
You block the hellwing's attack. The hellwing hits you.
* * * LOW HITPOINT WARNING * * *
Your ynoxinul gestures at the wraith.
The iron shot hits the wraith.
The wraith is destroyed!
Makhleb accepts your kill.
Your base Invocations skill increases to level 2!
A wraith comes into view.
Press: ? - help, Shift-Dir - straight line, f - Josephine
Aim: Josephine, wielding a dagger and wearing a robe (moderately wounded)
The glob of acid hits the hellwing.
The hellwing appears unharmed.
The hellwing is splashed with acid.
The acid corrodes the hellwing!
The acid splashes onto the hellwing!
The hellwing is splashed with acid.
The wraith hits your ynoxinul!
Your ynoxinul dies!
Your hellwing closely misses Josephine.
Your hellwing barely misses Josephine.
The hellwing hits you.
* * * LOW HITPOINT WARNING * * *
You block the hellwing's attack.
Josephine says, "How about some decapitation?"
An orc comes into view. It is wielding a short sword.
You hit the hellwing but do no damage.
The hellwing is moderately wounded.
Your hellwing hits Josephine! x2; The hellwing barely misses you.
The hellwing hits you but does no damage.
Josephine gestures at you while chanting.
The ghostly flame explodes!
The ghostly fireball engulfs the hellwing.
The hellwing completely resists.
The ghostly fireball engulfs you!
You feel drained.
You die...

#.###.########
#.###.#
#.##.## #.##.#
#.##.# *****
#.#.## **,,,,
#...# *,,,,,
### #...#
*,,,,,
####@###..##
**,,,,
#.#.W4#...#
*,,,,
#.....@...#
*,,,,
#....o4o..#
**,,,
#.........#
**,,
#....W....#*
**,
#......o...#
*,
#..........#*
**
#..........>#
*


You could see Josephine, a hellwing, 2 wraiths, an orc warrior, an orc wizard,
an orc and a friendly hellwing.

Vanquished Creatures
  Erolcha (D:9)
  Pikel (D:7)
  Joseph (D:8)
  A hornet (D:10)
  A hippogriff (D:9)
  2 hungry ghosts
  2 water moccasins
  A black bear (D:6)
  12 orc warriors
  An ice beast (D:9)
  3 sky beasts
  A phantom (D:8)
  A necrophage (D:6)
  4 ogres
  4 centaurs
  A big kobold (D:7)
  9 bullfrogs
  A scorpion (D:8)
  3 killer bees
  5 wights (D:6)
  3 crimson imps
  2 bullfrog zombies (D:6)
  A centaur zombie (D:7)
  2 bullfrog skeletons
  3 jellies
  A quasit (D:9)
  3 orc priests
  5 hounds
  Jessica (D:2)
  2 iguanas
  6 worker ants
  11 orc wizards
  A killer bee zombie (D:8)
  A hound skeleton (D:8)
  Robin (D:4)
  A howler monkey zombie (D:6)
  8 gnolls
  14 adders
  2 shadow imps
  An ooze (D:5)
  3 worms
  A dart slug (D:1)
  6 leopard geckos
  45 orcs
  A ball python (D:5)
  7 giant cockroaches
  21 goblins
  13 hobgoblins
  8 jackals
  31 kobolds
  5 quokkas
  8 bats
  6 frilled lizards
  A leopard gecko skeleton (D:4)
  5 rats
285 creatures vanquished.

Vanquished Creatures (collateral kills)
  A wraith (D:10)
  An orc warrior (Bailey)
  A gnoll (Bailey)
  An orc (Bailey)
  A goblin (Bailey)
  2 hobgoblins (Bailey)
7 creatures vanquished.

Vanquished Creatures (others)
  A slave (D:7)
1 creature vanquished.

Grand Total: 293 creatures vanquished

Notes
Turn   | Place    | Note
-------+----------+-------------------------------------------
     0 | D:1      | sankara the Hill Orc Fighter began the quest for the Orb.
     0 | D:1      | Reached XP level 1. HP: 19/19 MP: 1/1
    61 | D:1      | Reached skill level 3 in Axes
    93 | D:1      | Reached XP level 2. HP: 23/26 MP: 2/2
   213 | D:1      | Reached skill level 4 in Axes
   600 | D:1      | Reached XP level 3. HP: 31/31 MP: 3/3
   760 | D:2      | Reached skill level 5 in Axes
   998 | D:2      | Noticed Jessica
  1001 | D:2      | Killed Jessica
  1001 | D:2      | Reached XP level 4. HP: 36/39 MP: 4/4
  1113 | D:2      | Reached skill level 6 in Axes
  1731 | D:3      | Reached XP level 5. HP: 32/45 MP: 5/5
  1931 | D:3      | Reached skill level 1 in Evocations
  2145 | D:3      | Reached skill level 7 in Axes
  2353 | D:4      | Found an opulent altar of Gozag.
  2400 | D:4      | Reached XP level 6. HP: 40/51 MP: 7/7
  2403 | D:4      | Reached skill level 2 in Evocations
  2526 | D:4      | Reached skill level 8 in Axes
  2739 | D:4      | Noticed Robin
  2751 | D:4      | Killed Robin
  2797 | D:4      | Found Haggoleg's Antique Weapon Shoppe.
  3061 | D:5      | Entered Level 5 of the Dungeon
  3078 | D:5      | Reached skill level 9 in Axes
  3078 | D:5      | Reached XP level 7. HP: 49/57 MP: 8/8
  3496 | D:5      | HP: 13/57 [ogre/giant club (4)]
  3498 | D:5      | Reached skill level 10 in Axes
  3502 | D:5      | HP: 13/57 [something (2)]
  4050 | D:5      | Found Otseurul's Jewellery Shoppe.
  4120 | D:5      | Found an opulent altar of Gozag.
  4387 | D:5      | Found an ancient bone altar of Kikubaaqudgha.
  4389 | D:5      | Found an ornate altar of the Wu Jian Council.
  4535 | D:6      | Reached skill level 11 in Axes
  4535 | D:6      | Reached XP level 8. HP: 61/64 MP: 9/9
  4568 | D:6      | Reached skill level 12 in Axes
  4893 | D:6      | Reached skill level 13 in Axes
  5416 | D:6      | Reached XP level 9. HP: 70/70 MP: 10/10
  5446 | D:6      | Reached skill level 14 in Axes
  5629 | D:7      | HP: 2/69 [orc warrior/long sword (17)]
  5914 | D:7      | Found a sparkling altar of Nemelex Xobeh.
  6250 | D:7      | Found a staircase to the Ecumenical Temple.
  6258 | Temple   | Entered the Ecumenical Temple
  6435 | Temple   | Became a worshipper of Makhleb the Destroyer
  6676 | D:7      | Reached skill level 15 in Axes
  6691 | D:7      | Noticed Pikel
  6705 | D:7      | Killed Pikel
  6956 | D:7      | Found Yciriop's Gadget Shop.
  6992 | D:7      | Reached skill level 16 in Axes
  7094 | D:8      | Identified the Almanac of Transformation
  7234 | D:7      | Reached skill level 4 in Fighting
  7234 | D:7      | Reached skill level 1 in Dodging
  7395 | D:8      | Reached XP level 10. HP: 65/79 MP: 11/11
  7405 | D:8      | Found a deep blue altar of Sif Muna.
  7423 | D:8      | Reached skill level 4 in Armour
  7423 | D:8      | Reached skill level 4 in Shields
  7465 | D:8      | Reached * piety under Makhleb
  7735 | D:8      | Reached skill level 2 in Dodging
  7759 | D:8      | Noticed Joseph
  7773 | D:8      | Killed Joseph
  7773 | D:8      | Reached skill level 5 in Fighting
  7902 | D:8      | Reached ** piety under Makhleb
  7922 | D:8      | Reached skill level 5 in Armour
  8067 | D:8      | Reached skill level 5 in Shields
  8088 | D:8      | Found Wusus's Distillery.
  8099 | D:8      | Bought a potion of cancellation for 104 gold pieces
  8099 | D:8      | Bought a potion of magic for 104 gold pieces
  8099 | D:8      | Bought a potion of lignification for 39 gold pieces
  8099 | D:8      | Bought a potion of ambrosia for 104 gold pieces
  8264 | D:9      | Noticed Erolcha
  8273 | D:9      | Killed Erolcha
  8273 | D:9      | Reached skill level 6 in Fighting
  8273 | D:9      | Reached skill level 3 in Dodging
  8415 | D:9      | Noticed a six-headed hydra
  9233 | D:10     | Entered Level 10 of the Dungeon
  9244 | D:10     | Reached skill level 6 in Armour
  9244 | D:10     | Reached skill level 6 in Shields
  9260 | D:10     | Paralysed by fainting for 9 turns
  9276 | D:10     | Paralysed by fainting for 7 turns
  9286 | D:9      | Paralysed by fainting for 9 turns
  9411 | D:10     | Reached XP level 11. HP: 80/91 MP: 12/12
  9445 | D:10     | Found a flagged portal.
  9448 | D:10     | Reached *** piety under Makhleb
  9472 | Bailey   | Entered a bailey
  9612 | Bailey   | Reached skill level 7 in Fighting
  9612 | Bailey   | Reached skill level 4 in Dodging
  9612 | Bailey   | Reached skill level 1 in Invocations
  9631 | Bailey   | HP: 21/92 [orc warrior/war axe (10)]
  9637 | Bailey   | HP: 2/92 [orc warrior/war axe (17)]
 10189 | D:10     | Paralysed by fainting for 7 turns
 10206 | D:10     | Paralysed by fainting for 10 turns
 10297 | D:10     | HP: 22/92 [orc warrior/glaive (4)]
 10560 | D:10     | Noticed Josephine
 10570 | D:10     | HP: 23/92 [hellwing[the player character] (3)]
 10571 | D:10     | Reached skill level 2 in Invocations
 10573 | D:10     | Killed from afar by Josephine

Skill      XL: |  1  2  3  4  5  6  7  8  9 10 11 |
---------------+----------------------------------+-----
Axes           | 3 4 5 6 7 9 11 13 16 | 16.0
Evocations     | 1 2 |  2.1
Fighting       | 4 6 7 |  7.2
Dodging        | 1 3 4 |  4.1
Armour         | 6 |  6.5
Shields        | 6 |  6.5
Invocations    | 2 |  2.0

Action                   |  1- 3 |  4- 6 |  7- 9 | 10-12 || total
-------------------------+-------+-------+-------+-------++-------
Melee: War axe           |    72 |   229 |   485 |   406 ||  1192
Throw: Tomahawk          |       |       |       |     3 ||     3
Invok: Minor Destruction |       |       |       |    43 ||    43
       Lesser Servant of |       |       |       |     5 ||     5
 Abil: Evoke Berserk Rag |       |       |     1 |       ||     1
Evoke: Wand              |       |       |       |     3 ||     3
  Use: Scroll            |       |    10 |     5 |     3 ||    18
       Potion            |       |       |     3 |     1 ||     4
  Eat: Chunk             |       |     6 |    16 |    11 ||    33
       Ration            |       |       |       |     1 ||     1
Armor: Scale mail        |    34 |    88 |    91 |       ||   213
       Chain mail        |       |       |    79 |       ||    79
       Plate armour      |       |       |     5 |   208 ||   213
Dodge: Dodged            |    26 |    86 |    80 |    76 ||   268
Block: Shield            |    40 |   126 |   228 |   186 ||   580

Vault maps used:
D:1:      lightli_iron_boxes
D:2:      uniq_jessica
D:4:      serial_shops, nicolae_shop_stone, nicolae_gozag_seed_capital,
          uniq_robin
D:5:      kennysheep_mini, minitemple, first_ration, serial_shops, shop
D:7:      nemelex_xobeh_ov_fountains_minmay, minmay_temple_entry_trees,
          serial_shops, nicolae_shop_window_shopping, uniq_pikel
D:8:      special_room, serial_shops, nicolae_shop_waterfront,
          minmay_ruined_shrine, uniq_joseph
D:9:      uniq_erolcha
D:10:     david_orc_2, serial_shops, shop, enter_bailey_7, grunt_pizzeria,
          mrwooster_statue_mirror, uniq_josephine
Temple:   dpeg_five_rooms_temple
Bailey:   bailey_axe_1, bailey

Table legend:
 A = Turns spent in this place as a percentage of turns spent in the entire game.
 B = Non-inter-level travel turns spent in this place as a percentage of non-inter-level travel turns spent in the entire game.
 C = Inter-level travel turns spent in this place as a percentage of turns spent in this place.
 D = Turns resting spent in this place as a percentage of non-inter-level travel turns spent in this place.
 E = Turns spent auto-exploring this place as a percentage of non-inter-level travel turns spent in this place.
 F = Non-inter-level travel turns spent in this place divided by the number of levels of this place that you've seen.
                   A       B       C       D       E      F
               +-------+-------+-------+-------+-------+----------------------
         Total | 100.0 | 100.0 |   4.0 |  22.7 |  47.5 | 845.7
       Dungeon |  91.0 |  91.1 |   3.9 |  21.4 |  48.6 | 924.2
        Temple |   2.7 |   2.4 |  16.6 |   0.0 |  95.9 | 241.0
        Bailey |   6.3 |   6.6 |   0.0 |  49.0 |  14.7 | 665.0
               +-------+-------+-------+-------+-------+----------------------

Table legend:
 A = Kills in this place as a percentage of kills in entire the game.
 B = Kills by you in this place as a percentage of kills by you in the entire game.
 C = Kills by friends in this place as a percentage of kills by friends in the entire game.
 D = Other kills in this place as a percentage of other kills in the entire game.
 E = Experience gained in this place as a percentage of experience gained in the entire game.
 F = Experience gained in this place divided by the number of levels of this place that you have seen.
                   A       B       C       D       E      F
               +-------+-------+-------+-------+-------+----------------------
         Total | 100.0 | 100.0 | 100.0 |   N/A | 100.0 | 893.3
       Dungeon |  89.0 |  90.9 |  14.3 |   N/A |  93.6 | 1003.2
        Bailey |  11.0 |   9.1 |  85.7 |   N/A |   6.4 | 688.0
               +-------+-------+-------+-------+-------+----------------------
